 Dungeon Crawl Stone Soup version 0.28.0-49-g6dfe1f597d (webtiles) character file.

Game seed: 6551604740572373659

1391 Zeld the Chiller (level 8, -5/69 HPs)
             Began as a Ghoul Ice Elementalist on May 17, 2022.
             Slain by an orc priest
             ... wielding a +0 flail
              (8 damage)
             ... on level 6 of the Dungeon.
             The game lasted 00:08:27 (9358 turns).

Zeld the Chiller (Ghoul Ice Elementalist)           Turns: 9358, Time: 00:08:28

Health: -5/69      AC:  4    Str: 12    XL:     8   Next: 68%
Magic:  4/13       EV: 12    Int: 12    God:
Gold:   196        SH:  0    Dex:  9    Spells: 9/16 levels left

rFire   . . .      SeeInvis .   o - +1 falchion (vorpal)
rCold   + . .      Faith    .   (no shield)
rNeg    + + +      Spirit   .   a - +0 robe
rPois   ∞          Reflect  .   f - +0 helmet
rElec   .          Harm     .   (no cloak)
rCorr   .          Rampage  .   (no gloves)
Will    .....                   y - +0 pair of boots
Stlth   ++........              (no amulet)
HPRegen 0.00/turn               (no ring)
MPRegen 0.13/turn               (no ring)

@: freezing walls, inhibited regen
A: claws 1, cold resistance 1, negative energy resistance 3, inhibited
regeneration, torment resistance 2
a: no special abilities


You were on level 6 of the Dungeon.
You visited 1 branch of the dungeon, and saw 7 of its levels.

You collected 214 gold pieces.
You spent 18 gold pieces at shops.

Inventory:

Hand Weapons
 o - a +1 vorpal falchion (weapon)
Armour
 a - a +0 robe (worn)
 f - a +0 helmet (worn)
 y - a +0 pair of boots (worn)
Scrolls
 i - a scroll of enchant weapon {unknown}
 k - 7 scrolls of identify {unknown}
 l - a scroll of immolation {unknown}
 m - a scroll of holy word {unknown}
 n - a scroll of enchant armour {unknown}
 p - a scroll of fog {unknown}
 q - a scroll of fear {unknown}
 u - 2 scrolls of magic mapping {unknown}
 x - a scroll of vulnerability {unknown}
 z - a scroll of teleportation {unknown}
Potions
 b - a potion of berserk rage {unknown}
 c - 6 potions of curing {unknown}
 d - a potion of might {unknown}
 e - a potion of attraction {unknown}
 g - 3 potions of brilliance {unknown}
 h - a potion of heal wounds {unknown}
 j - a potion of degeneration {unknown}
 s - a potion of lignification {unknown}
 t - a potion of magic {unknown}
 v - a potion of ambrosia {unknown}
 w - a potion of mutation {unknown}
Miscellaneous
 r - a piece from Xom's chessboard (15/15)


   Skills:
 * Level 5.6 Fighting
 + Level 3.6 Dodging
 + Level 4.8 Stealth
 * Level 4.5 Spellcasting
 * Level 7.2 Ice Magic


You had 9 spell levels left.
You knew the following spells:

 Your Spells              Type           Power      Damage    Failure   Level
a - Freeze                Ice            80%        1d9       1%          1
b - Frozen Ramparts       Ice            40%        1d6       3%          3
c - Ozocubu's Armour      Ice            20%        N/A       3%          3

Your spell library contained the following spells:

 Spells                   Type           Power      Damage    Failure   Level
 Hailstorm                Conj/Ice       11%        3d5       43%         4
 Conjure Flame            Conj/Fire      2%         6-21      54%         3
 Gell's Gravitas          Tloc           2%         N/A       54%         3
 Ignite Poison            Fire/Tmut/Pois 2%         N/A       54%         3
 Teleport Other           Tloc           2%         N/A       54%         3
 Tukima's Dance           Hex            2%         N/A       54%         3
 Passage of Golubria      Tloc           2%         N/A       91%         4
 Sticky Flame             Conj/Fire      2%         2d3       91%         4
 Yara's Violent Unravell  Hex/Tmut       1%         3d3       99%         5
 Dispersal                Tloc           1%         N/A       100%        6


Dungeon Overview and Level Annotations

Branches:
Dungeon (7/15)
 Temple: D:4-7

Altars:
Ashenzari
Hepliaklqana
Vehumet
Xom
Zin
The Shining One

Shops:
D:1 *

Annotations:
D:6 Sigmund


Innate Abilities, Weirdness & Mutations

You thrive by killing the living.
You are immune to poison.
You have sharp fingernails.
Your flesh is cold resistant. (rC+)
You are immune to negative energy. (rN+++)
You do not regenerate when monsters are visible.
You are immune to unholy pain and torment.


Message History

The wall freezes the orc priest.
The orc priest barely misses you.
Casting: Freeze (safe; 1% risk of failure)
Confirm with . or Enter, or press ? or * to list all spells.
Aiming: Freeze (safe; 1% risk of failure)
Press: ? - help, Shift-Dir - straight line, f/p - orc priest
Aim: an orc priest, wielding a +0 whip and wearing a +0 leather armour (almost dead)
You freeze the orc priest.
You kill the orc priest!
You feel better.
The wall freezes the orc priest.
The wall freezes the orc.
Casting: Freeze (safe; 1% risk of failure)
Confirm with . or Enter, or press ? or * to list all spells.
Aiming: Freeze (safe; 1% risk of failure)
Press: ? - help, Shift-Dir - straight line, f - orc
Aim: an orc, wielding a +0 dagger (severely wounded)
You freeze the orc.
You kill the orc!
You feel better.
The frozen ramparts melt away.
The orc priest hits you but does no damage.
Casting: Freeze (safe; 1% risk of failure)
Confirm with . or Enter, or press ? or * to list all spells.
Casting: Frozen Ramparts (dangerous; 3% risk of failure)
Press: ? - help, Dir - look around, f - activate The walls around you are covered in ice.
The wall freezes the centaur.
The wall freezes the orc priest.
The orc priest hits you with a +0 flail!
* * * LOW HITPOINT WARNING * * *
The wall freezes the centaur.
The centaur unwields a +0 shortbow.
The centaur closely misses you. The centaur kicks you.
* * * LOW HITPOINT WARNING * * *
Unknown command.
Casting: Frozen Ramparts (dangerous; 3% risk of failure)
Confirm with . or Enter, or press ? or * to list all spells.
Aiming: Freeze (safe; 1% risk of failure)
Press: ? - help, Shift-Dir - straight line, f - centaur
Aim: a centaur, quivering arrows (lightly wounded)
You freeze the centaur.
The centaur is moderately wounded.
The wall freezes the orc priest.
The orc priest hits you with a +0 flail!
You die...

# #.###.#.#).......#.# ##
.................#.##### .
...##............#.....#
........#..............#####
..#.##............#.#####...#.
##..#.##............#.# #....
.......<......##.####.# #...#
.#. ##......##.# #.# #...# §#
##(o....##@####.#####...# ##
..........##oc............###
#
.......o..........#####..))).
#
......o.######............###
# .......(# #.########...# # #
####...## #.# #....# # # ##.#
#.# #.##.# # # #.########.##
#.##.# # §...# # ..........#
#.##.# #


You could see a centaur and an orc priest.

Vanquished Creatures
  A water moccasin (D:5)
  2 orc warriors (D:6)
  An ogre (D:6)
  A centaur (D:7)
  A kobold brigand (D:7)
  A water moccasin zombie (D:6)
  A centaur zombie (D:6)
  2 hounds (D:6)
  6 orc priests
  A jelly (D:5)
  A bullfrog skeleton (D:4)
  2 iguanas
  4 orc wizards
  A scorpion zombie (D:5)
  A killer bee zombie (D:6)
  A hound skeleton (D:4)
  3 gnolls
  9 adders
  A shadow imp (D:6)
  4 worms
  3 dart slugs
  23 orcs
  6 ball pythons
  7 endoplasms
  8 giant cockroaches
  3 hobgoblins
  3 jackals
  7 kobolds
  7 quokkas
  7 bats
  A frilled lizard (D:2)
  12 goblins
  6 rats
137 creatures vanquished.

Vanquished Creatures (others)
  7 withered plants (D:2)
7 creatures vanquished.

Grand Total: 144 creatures vanquished

Notes
Turn   | Place    | Note
-------+----------+-------------------------------------------
     0 | D:1      | Zeld the Ghoul Ice Elementalist began the quest for the
                  | Orb.
     0 | D:1      | Reached XP level 1. HP: 14/14 MP: 2/2
     1 | D:1      | Found a runed translucent door.
   156 | D:1      | Reached XP level 2. HP: 21/22 MP: 0/3
   274 | D:1      | Found Licacesy's Assorted Antiques.
   296 | D:1      | Bought a fuming inky potion for 18 gold pieces
   365 | D:1      | Reached skill level 1 in Fighting
   764 | D:2      | Reached XP level 3. HP: 23/28 MP: 2/5
   795 | D:3      | Learned a level 3 spell: Frozen Ramparts
  1493 | D:1      | Found Licacesy's Assorted Antiques.
  1937 | D:1      | Found Licacesy's Assorted Antiques.
  2358 | D:1      | Found Licacesy's Assorted Antiques.
  2505 | D:2      | Found a faded altar of an unknown god.
  2531 | D:2      | Reached XP level 4. HP: 36/36 MP: 3/6
  2572 | D:2      | Learned a level 3 spell: Ozocubu's Armour
  3209 | D:3      | Reached skill level 5 in Ice Magic
  3221 | D:3      | Reached XP level 5. HP: 19/42 MP: 1/7
  4034 | D:3      | Found a radiant altar of Vehumet.
  4528 | D:4      | Reached XP level 6. HP: 26/51 MP: 5/9
  4693 | D:4      | Found a broken altar of Ashenzari.
  4802 | D:4      | Found a shimmering altar of Xom.
  5534 | D:5      | Entered Level 5 of the Dungeon
  6180 | D:5      | Noticed a water moccasin
  6198 | D:5      | Killed a water moccasin
  6199 | D:5      | Reached XP level 7. HP: 38/58 MP: 0/10
  6365 | D:5      | Reached skill level 6 in Ice Magic
  6562 | D:5      | Identified the +6 leather armour of Sophism {*Corrode rPois
                  | Regen+}
  7181 | D:6      | HP: 1/59 [killer bee zombie (3)]
  8398 | D:6      | Found a hazy altar of Hepliaklqana.
  8398 | D:6      | Noticed Sigmund
  8399 | D:6      | Found a faded altar of an unknown god.
  8474 | D:7      | Reached XP level 8. HP: 52/67 MP: 1/13
  8688 | D:6      | Reached skill level 5 in Fighting
  9018 | D:6      | Reached skill level 7 in Ice Magic
  9357 | D:6      | HP: 3/69 [centaur (2)]
  9358 | D:6      | Slain by an orc priest

Illustrated notes

Levels and vault maps discovered:
D:1:      dpeg_arrival_caged_fury, layout_rooms, serial_shops, shop,
          dk_noncrumbling_3
D:2:      layout_loops_ring, ebering_ecumenical_altar_petrified,
          chequers_serial_rivers_room_a
D:3:      minmay_diamond_boxcup, layout_basic, mainiacjoe_overflow_boulevard,
          mainiacjoe_overflow_tiny_flanked, mainiacjoe_overflow_24_doors,
          minmay_misc_feat_pillars
D:4:      layout_basic, xom_butterflies, kennysheep_mini
D:5:      layout_gridville
D:6:      layout_loops_ring, nicolae_qazlal_eye_of_the_storm,
          beargit_hepliaklqana_dungeon_heroes, grunt_decor_junction,
          uniq_crazy_yiuf_cottage
D:7:      layout_basic, minmay_temple_entry_trees, grunt_decor_fettered,
          uniq_prince_ribbit1

Skill      XL: |  1  2  3  4  5  6  7  8 |
---------------+-------------------------+-----
Spellcasting   | 2 3 4 |  4.5
Fighting       | 1 2 3 4 5 |  5.6
Dodging        | 2 3 |  3.6
Ice Magic      | 5 6 7 |  7.2
Stealth        | 3 4 |  4.8

Action                   |  1- 3 |  4- 6 |  7- 9 || total
-------------------------+-------+-------+-------++-------
Melee: Unarmed           |    54 |    47 |       ||   101
       Punch             |       |     2 |     1 ||     3
       Falchion          |       |    47 |    94 ||   141
 Cast: Freeze            |    50 |    53 |    37 ||   140
       Frozen Ramparts   |       |     7 |    14 ||    21
       Ozocubu's Armour  |       |       |     2 ||     2
 Stab: Sleeping          |       |     5 |     2 ||     7
       Distracted        |       |     1 |       ||     1
Armor: Robe              |    28 |    38 |    37 ||   103
Dodge: Dodged            |    65 |   103 |   137 ||   305
